 Dungeon Crawl Stone Soup version 0.27-a0-660-g90476cec82 (webtiles) character file.

Game seed: 12967453322741105982

36 tilp the Sneak (level 3, -6/23 HPs)
             Began as an Octopode Transmuter on Mar 16, 2021.
             Mangled by an orc
             ... wielding a +0 whip
              (9 damage)
             ... on level 2 of the Dungeon.
             The game lasted 00:02:08 (1205 turns).

tilp the Sneak (Octopode Transmuter)                Turns: 1205, Time: 00:02:09

Health: -6/23      AC:  1    Str:  9    XL:     3   Next: 37%
Magic:  5/6        EV: 13    Int: 16    God:
Gold:   46         SH:  0    Dex: 12    Spells: 3/6 levels left

rFire    . . .     SeeInvis .     - Unarmed
rCold    . . .     Faith    .   (no shield)
rNeg     . . .     Spirit   .   (helmet currently unavailable)
rPois    .         Reflect  .   (no amulet)
rElec    .         Harm     .   (no ring)
rCorr    .         Rampage  .   (no ring)
Will     .....                  (no ring)
Stlth    +++.......             (no ring)
HPRegen  0.07/turn              (no ring)
MPRegen  0.10/turn              (no ring)
                                (no ring)
                                (no ring)

@: appendages
A: tentacle spike 3, almost no armour, amphibious, 8 rings, camouflage 1,
gelatinous body 1, nimble swimmer 1, tentacles
a: End Transformation


You were on level 2 of the Dungeon.
One of your tentacles had grown a beastly spike.
You visited 1 branch of the dungeon, and saw 2 of its levels.

You collected 46 gold pieces.

Inventory:

Missiles
 c - 31 poisoned darts (quivered)
 g - 8 javelins
Scrolls
 d - a scroll of identify
Potions
 f - a potion of magic


   Skills:
 + Level 1.4 Fighting
 - Level 2.0 Dodging
 - Level 4.0 Stealth
 - Level 3.0 Unarmed Combat
 - Level 2.0 Spellcasting
 - Level 2.0 Transmutations


You had 3 spell levels left.
You knew the following spells:

 Your Spells              Type           Power      Damage    Failure   Level
a - Beastly Appendage     Tmut           16%        N/A       9%          1
b - Wereblood             Tmut           8%         N/A       14%         2

Your spell library contained the following spells:

 Spells                   Type           Power      Damage    Failure   Level
 Spider Form              Tmut/Pois      2%         N/A       38%         3
 Ice Form                 Ice/Tmut       4%         N/A       80%         4
 Blade Hands              Tmut           4%         N/A       94%         5


Dungeon Overview and Level Annotations

Branches:
Dungeon (2/15)

Altars:

Annotations:
D:2 Robin


Innate Abilities, Weirdness & Mutations

One of your tentacles has grown a beastly spike.
You cannot wear most types of armour.
You are amphibious.
You can wear up to eight rings at the same time.
Your skin changes colour to match your surroundings (Stealth+).
Your rubbery body absorbs attacks. (AC +1, EV +1)
You are stealthy while swimming. (Stealth+)
You have tentacles for arms and can constrict up to eight enemies at once.


Message History

The goblin is heavily wounded.
Your tentacle spike disappears.
You constrict the orc. The orc hits you with a +0 whip.
The goblin barely misses you.
You tentacle-slap the goblin. Your grab misses the goblin.
Your squeeze misses the goblin.
The goblin is severely wounded.
You constrict the orc. The goblin barely misses you. The orc misses you.
You closely miss the goblin. You grab the goblin. You squeeze the goblin.
You kill the goblin!
You constrict the orc. The orc misses you.
You release your grip on the orc.
Robin throws the goblin at you! The goblin barely misses you.
You closely miss the goblin. Your grab misses the goblin. The orc misses you.
A goblin comes into view.
The goblin misses you.
You tentacle-slap the goblin.
You kill the goblin!
The orc barely misses you. Robin throws the goblin at you!
You tentacle-slap the goblin. Your grab misses the goblin.
The goblin is moderately wounded.
A goblin comes into view. It is wielding a +0 club.
The orc hits you with a +0 whip.
* * * LOW HITPOINT WARNING * * *
The goblin hits you.
* * * LOW HITPOINT WARNING * * *
Casting: Beastly Appendage (safe; 9% risk of failure)
Confirm with . or Enter, or press ? or * to list all spells.
One of your tentacles grows a vicious spike.
The orc hits you with a +0 whip.
* * * LOW HITPOINT WARNING * * *
The goblin barely misses you.
Unknown command.
You tentacle-slap the goblin. You grab the goblin.
The goblin is severely wounded.
You constrict the goblin.
You kill the goblin!
A hobgoblin comes into view. It is wielding a +0 club.
The orc hits you with a +0 whip!
You die...

#.......#
#.......##
#........#
.(..>..#
...###.(...#
.......gg..#
.....#.#g#....#
... #.#o# ### .
#.#@# #.#)####
#.#)...#
#.####.#####
#.#..<.....#
#.######.#
#......#
######.#


You could see Robin, an orc, a hobgoblin and a goblin.

Vanquished Creatures
  3 leopard geckos
  An orc (D:2)
  A ball python (D:2)
  2 bats (D:1)
  2 giant cockroaches
  2 hobgoblins (D:1)
  4 kobolds (D:1)
  9 frilled lizards (D:1)
  6 goblins
  4 rats (D:1)
34 creatures vanquished.

Vanquished Creatures (others)
  6 plants (D:1)
6 creatures vanquished.

Grand Total: 40 creatures vanquished

Notes
Turn   | Place    | Note
-------+----------+-------------------------------------------
     0 | D:1      | tilp the Octopode Transmuter began the quest for the Orb.
     0 | D:1      | Reached XP level 1. HP: 13/13 MP: 3/3
    64 | D:1      | Reached skill level 1 in Stealth
   122 | D:1      | Reached skill level 2 in Stealth
   137 | D:1      | Reached XP level 2. HP: 15/18 MP: 5/5
   315 | D:1      | Reached skill level 3 in Stealth
   927 | D:1      | Reached XP level 3. HP: 18/23 MP: 4/6
   934 | D:1      | Learned a level 2 spell: Wereblood
  1138 | D:2      | Reached skill level 4 in Stealth
  1195 | D:2      | Noticed Robin
  1205 | D:2      | Mangled by an orc

Illustrated notes

Levels and vault maps discovered:
D:1:      amcnicky_arrival_abandoned_market, layout_basic, minmay_lizard_king
D:2:      cheibrodos_pilgrimage, layout_basic, kennysheep_generic_room_9,
          uniq_robin

Skill      XL: |  1  2  3 |
---------------+----------+-----
Stealth        | 2 3 4 |  4.0
Fighting       | |  1.4
Dodging        | |  2.0
Unarmed Combat | |  3.0
Spellcasting   | |  2.0
Transmutations | |  2.0

Action                   || total
-------------------------++-------
Melee: Unarmed           ||    70
       Constrict         ||    19
       Tentacles         ||     8
       Kick              ||    10
 Cast: Beastly Appendage ||    10
       Wereblood         ||     1
  Use: Scroll            ||     5
 Stab: Sleeping          ||     6
Armor: Skin              ||     3
Dodge: Dodged            ||    47

Table legend: (Time is in decaauts)
 A = Elapsed time spent in this place.
 B = Non-inter-level travel time spent in this place.
 C = Inter-level travel time spent in this place.
 D = Time resting spent in this place.
 E = Time spent auto-exploring this place.
 F = Levels seen in this place.
 G = Mean time per level.
                   A        B        C        D        E       F      G
               +--------+--------+--------+--------+--------+-----+--------+
         Total |   1200 |   1075 |    125 |      0 |    894 |   2 |  600.0 |
       Dungeon |   1200 |   1075 |    125 |      0 |    894 |   2 |  600.0 |
               +--------+--------+--------+--------+--------+-----+--------+

Top non-repeatable levels by time:
     D:1: 1130 daAuts
     D:2: 70 daAuts
